 Dungeon Crawl Stone Soup version 0.30-a0-6-g7c9e10e132 (webtiles) character file.

Game seed: 7843418483260920471

110 Zeldest the Trooper (level 4, 0/41 HPs)
             Began as a Draconian Wanderer on Aug 22, 2022.
             Killed from afar by Dowan (12 damage)
             ... with a shard of ice
             ... on level 5 of the Dungeon.
             The game lasted 00:09:26 (1914 turns).

Zeldest the Trooper (Draconian Wanderer)            Turns: 1914, Time: 00:09:27

Health: 0/41       AC:  6    Str: 11 (13) XL:     4   Next: 61%
Magic:  2/8        EV: 11    Int: 15 (16) God:
Gold:   133        SH:  0    Dex:  8 (10) Spells: 5/8 levels left

rFire   . . .      SeeInvis .    a - +1 short sword
rCold   . . .      Faith    .    (no shield)
rNeg    . . .      Spirit   .    (body armour unavailable)
rPois   .          Reflect  .    (helmet restricted)
rElec   .          Harm     .    (no cloak)
rCorr   .          Rampage  .    (no gloves)
Will    +....                    g - +0 pair of boots
Stlth   +.........               (no amulet)
HPRegen 0.13/turn                b - ring of willpower
MPRegen 0.11/turn                (no ring)

@: no status effects
A: AC +5, unfitting armour, cold-blooded
a: no special abilities


You were on level 5 of the Dungeon.
You visited 1 branch of the dungeon, and saw 5 of its levels.

You collected 133 gold pieces.

Inventory:

Hand Weapons
 a - a +1 short sword (weapon)
Armour
 g - a +0 pair of boots (worn)
Jewellery
 b - a ring of willpower (left hand)
Wands
 e - a wand of roots (1)
Scrolls
 c - a scroll of immolation {unknown}
 d - a scroll of blinking
 f - a scroll of vulnerability
Potions
 h - a potion of degeneration


   Skills:
 + Level 4.9 Fighting
 - Level 2.0 Short Blades
 - Level 1.2 Dodging
 - Level 0.7 Unarmed Combat
 + Level 2.7 Spellcasting
 * Level 2.1 Summonings
 + Level 0.1 Translocations
 - Level 0.3 Transmutations
 - Level 1.3 Poison Magic


You had 5 spell levels left.
You knew the following spells:

 Your Spells              Type           Power      Damage    Failure   Level
a - Beastly Appendage     Tmut           6%         N/A       19%         1
b - Poisonous Vapours     Pois/Air       6%         N/A       24%         2

Your spell library contained the following spells:

 Spells                   Type           Power      Damage    Failure   Level
 Sting                    Tmut/Pois      16%        1d3       16%         1
 Magic Dart               Conj           8%         1d3       21%         1
 Shock                    Conj/Air       8%         1d3       21%         1
 Sublimation of Blood     Necr           2%         N/A       30%         2
 Olgreb's Toxic Radiance  Pois           5%         N/A       77%         4
 Summon Forest            Summ/Tloc      2%         N/A       98%         5
 Summon Mana Viper        Hex/Summ       5%         N/A       98%         5
 Summon Cactus Giant      Summ           4%         N/A       100%        6


Dungeon Overview and Level Annotations

Branches:
Dungeon (5/15)
 Temple: D:4-7

Altars:

Shops:
D:4 :

Annotations:
D:4 2 runed translucent doors, hgbash's ghost, novice SpCj
D:5 Dowan


Innate Abilities, Weirdness & Mutations

Your plain brown scales are hard. (AC +5)
You cannot fit into any form of body armour.
You are cold-blooded and may be slowed by cold attacks.


Message History

It was a potion of degeneration.
There was something very wrong with that liquid.
You feel weakened.
You feel dopey.
You feel clumsy.
Dowan hits you with a +4 dagger of speed.
* * * LOW HITPOINT WARNING * * *
Duvessa hits you but does no damage.
It was a potion of curing.
You feel better. Dowan closely misses you. Duvessa closely misses you.
You feel better.
Dowan points at Duvessa and mumbles some strange words.
Duvessa seems to speed up.
Duvessa hits you with a +0 short sword.
* * * LOW HITPOINT WARNING * * *
Okay, then.
Aiming: Fastroot
Press: ? - help, Shift-Dir - straight line, f/p - Duvessa
Aim: Duvessa, wielding a +0 short sword and wearing a +0 ring mail (almost dead, fast, very poisoned)
The roots erupt in riotous growth!
Roots grab Duvessa.
Roots grab Dowan.
The grasping roots constrict Duvessa.
The grasping roots constrict Dowan.
You hear an angry buzzing noise.
You hear an angry hiss.
You hear an angry buzzing noise.
You hear a shout!
You hear an angry buzzing noise. x3
Dowan smirks and points a slender finger.
Dowan hits you but does no damage. Duvessa misses you.
Dowan closely misses you.
Okay, then.
Blink to where?
Press: ? - help, Dir - move target, p - Duvessa An orc comes into view.
It is wielding a +0 club.
As you read the scroll of blinking, it crumbles to dust.
The grasping roots constrict Duvessa!
You kill Duvessa!
Dowan screams, "No!
No!"
Dowan seems to find hidden reserves of power!
The grasping roots constrict Dowan.
The orc shouts!
The roots release their grip on Dowan.
Dowan points at you and mumbles some strange words.
The shard of ice hits you!
You die...

....## ......
....##.........o..
#..#.............
#.)#.............
#.ยง..............
#..#e$..........#
....###............
.....####............
......
.......@.......
......
............#.# .....
..........### .....
###...$#### ###.# ##


You could see Dowan (fast) and an orc.

Vanquished Creatures
  Duvessa (D:5)
  5 adders
  A worm (D:2)
  A dart slug (D:2)
  5 orcs
  4 ball pythons
  6 endoplasms
  3 giant cockroaches
  4 goblins
  6 hobgoblins
  6 kobolds
  A quokka (D:2)
  5 bats
  A frilled lizard (D:1)
  2 rats (D:3)
51 creatures vanquished.

Vanquished Creatures (others)
  31 plants (D:2)
31 creatures vanquished.

Grand Total: 82 creatures vanquished

Notes
Turn   | Place    | Note
-------+----------+-------------------------------------------
     0 | D:1      | Zeldest the Draconian Wanderer began the quest for the Orb.
     0 | D:1      | Zeldest set off with the following items: a +1 short sword,
                  | a potion of lignification; and the following spells
                  | available to memorise: Beastly Appendage, Magic Dart,
                  | Shock, Sublimation of Blood.
     0 | D:1      | Reached XP level 1. HP: 22/22 MP: 3/3
   174 | D:1      | Learned a level 1 spell: Beastly Appendage
   293 | D:1      | Reached XP level 2. HP: 26/28 MP: 5/5
   353 | D:1      | Found a faded altar of an unknown god.
   627 | D:2      | Reached XP level 3. HP: 31/34 MP: 6/6
   696 | D:2      | Reached skill level 1 in Summonings
   881 | D:2      | Reached skill level 1 in Poison Magic
   928 | D:1      | Reached XP level 4. HP: 23/41 MP: 7/7
  1083 | D:3      | Learned a level 2 spell: Poisonous Vapours
  1413 | D:4      | Noticed a phantom
  1429 | D:4      | Noticed a necrophage
  1434 | D:4      | Found Muzucs's Book Shop.
  1832 | D:4      | Found a large runed translucent door.
  1832 | D:4      | Found a large runed translucent door.
  1833 | D:4      | Noticed hgbash's ghost (novice SpCj)
  1894 | D:5      | Entered Level 5 of the Dungeon
  1895 | D:5      | Noticed Dowan
  1895 | D:5      | Noticed Duvessa
  1914 | D:5      | Killed Duvessa
  1914 | D:5      | Killed from afar by Dowan

Illustrated notes

Levels and vault maps discovered:
D:1:      dpeg_arrival_simpleton_a, layout_loops_ring,
          shapermc_ecumenical_altar_notcrosses
D:2:      layout_loops_ring, serial_bayou, serial_bayou_lagoon_a,
          serial_bayou_pond_e, serial_bayou_pond_a, serial_bayou_pond_d
D:3:      layout_rooms, kennysheep_cross_room, minmay_liquid_box
D:4:      layout_loops_corners, ebering_ghost_disaster_area, serial_shops,
          nicolae_shop_statue_plus, uniq_crazy_yiuf_cottage
D:5:      layout_cave_pools, lemuel_mausoleum_altar_yredelemnul,
          gammafunk_ghost_hive, uniq_duvessa

Skill      XL: |  1  2  3  4 |
---------------+-------------+-----
Summonings     | 1 2 |  2.1
Poison Magic   | 1 |  1.3
Fighting       | |  4.9
Short Blades   | |  2.0
Dodging        | |  1.2
Unarmed Combat | |  0.7
Spellcasting   | |  2.7
Translocations | |  0.1
Transmutations | |  0.3

Action                   |  1- 3 |  4- 6 || total
-------------------------+-------+-------++-------
Melee: Short sword       |   115 |   120 ||   235
       Tailslap          |    11 |    15 ||    26
       Punch             |     1 |       ||     1
 Cast: Poisonous Vapours |       |     9 ||     9
Evoke: Wand              |       |     3 ||     3
  Use: Potion            |     1 |     5 ||     6
       Scroll            |       |     5 ||     5
 Stab: Sleeping          |     1 |     1 ||     2
Armor: Skin              |    66 |    54 ||   120
Dodge: Dodged            |    59 |    67 ||   126

Table legend: (Time is in decaauts)
 A = Elapsed time spent in this place.
 B = Non-inter-level travel time spent in this place.
 C = Inter-level travel time spent in this place.
 D = Time resting spent in this place.
 E = Time spent auto-exploring this place.
 F = Levels seen in this place.
 G = Mean time per level.
                   A        B        C        D        E       F      G
               +--------+--------+--------+--------+--------+-----+--------+
         Total |   1919 |   1873 |     46 |    366 |    237 |   5 |  383.8 |
       Dungeon |   1919 |   1873 |     46 |    366 |    237 |   5 |  383.8 |
               +--------+--------+--------+--------+--------+-----+--------+

Top non-repeatable levels by time:
     D:1: 630 daAuts
     D:4: 494 daAuts
     D:3: 394 daAuts
     D:2: 381 daAuts
     D:5: 19 daAuts
